 Dungeon Crawl Stone Soup version 0.28.0-45-g0d030f2227 (webtiles) character file.

Game seed: 3719483836845709764

418 MisterFreud the Poker (level 6, -13/56 HPs)
             Began as a Naga Fighter on Apr 18, 2022.
             Mangled by an orc warrior
             ... wielding a +0 dire flail
              (14 damage)
             ... on level 5 of the Dungeon.
             The game lasted 00:04:47 (4534 turns).

MisterFreud the Poker (Naga Fighter)                Turns: 4534, Time: 00:04:48

Health: -13/56     AC:  5    Str: 21    XL:     6   Next: 93%
Magic:  6/6        EV:  7    Int:  8    God:
Gold:   130        SH:  4    Dex: 10    Spells: 5/5 levels left

rFire   . . .      SeeInvis +   a - +0 trident
rCold   . . .      Faith    .   c - +0 buckler
rNeg    . . .      Spirit   .   b - +0 scale mail
rPois   +          Reflect  .   (no helmet)
rElec   .          Harm     .   (no cloak)
rCorr   .          Rampage  .   (no gloves)
Will    .....                   (no barding)
Stlth   ..........              (no amulet)
HPRegen 0.18/turn               (no ring)
MPRegen 0.10/turn               (no ring)

@: unable to read, very slow
A: AC +2, large, see invisible, deformed body, poison resistance, slowness 2,
spit poison 1, naga tail 1, inability to read while threatened
a: Spit Poison


You were on level 5 of the Dungeon.
You visited 1 branch of the dungeon, and saw 5 of its levels.

You collected 190 gold pieces.
You spent 60 gold pieces at shops.

Inventory:

Hand Weapons
 a - a +0 trident (weapon)
 o - a +1 hand axe of electrocution
Missiles
 g - 5 poisoned darts
 s - 6 boomerangs
 t - 5 silver boomerangs
Armour
 b - a +0 scale mail (worn)
 c - a +0 buckler (worn)
 d - a +1 leather armour of fire resistance
Jewellery
 h - a +6 ring of strength
Wands
 r - a wand of acid (2)
Scrolls
 e - a scroll of teleportation {unknown}
 f - a scroll of fog {unknown}
 i - a scroll of enchant armour {unknown}
 m - a scroll of enchant weapon {unknown}
 q - a scroll of identify {unknown}
 u - a scroll of brand weapon {unknown}
 v - a scroll of acquirement {unknown}
Potions
 n - a potion of brilliance {unknown}


   Skills:
 - Level 3.0 Fighting
 + Level 7.2 Polearms
 - Level 2.4 Armour
 - Level 2.4 Shields


You had 5 spell levels left.
You didn't know any spells.
Your spell library contained the following spells:

 Spells                   Type           Power      Damage    Failure   Level
 Confusing Touch          Hex            0%         N/A       99%         3
 Airstrike                Air            0%         N/A       100%        4
 Summon Lightning Spire   Summ/Air       0%         N/A       100%        4
 Lightning Bolt           Conj/Air       0%         1d11      100%        5
 Yara's Violent Unravell  Hex/Tmut       0%         3d3       100%        5
 Enfeeble                 Hex            0%         N/A       100%        7


Dungeon Overview and Level Annotations

Branches:
Dungeon (5/15)
 Temple: D:4-7

Altars:
Gozag

Shops:
D:4 !


Innate Abilities, Weirdness & Mutations

Your serpentine skin is tough. (AC +2)
You have supernaturally acute eyesight. (SInv)
Armour fits poorly on your strangely shaped body.
Your system is resistant to poisons. (rPois)
You cover ground very slowly.
You can spit poison.
You have a snake-like lower body.
You sometimes lose the ability to read scrolls when taking damage.


Message History

You hit the orc warrior.
The orc warrior is heavily wounded.
The orc warrior hits you with a +0 dire flail!
* * * LOW HITPOINT WARNING * * *
You hit the orc warrior but do no damage.
The orc warrior is heavily wounded.
The orc warrior hits you with a +0 dire flail.
* * * LOW HITPOINT WARNING * * *
It was a potion of mutation.
You feel extremely strange.
You lose the ability to read scrolls when threatened.
You have got your breath back.
It was a potion of lignification.
You turn into a tree.
Your +0 scale mail melds into your body.
Your roots penetrate the ground.
The orc warrior hits you but does no damage.
You closely miss the orc warrior.
The orc warrior is heavily wounded.
The orc hits you with a +0 hand axe.
* * * LOW HITPOINT WARNING * * *
The orc warrior hits you but does no damage.
Unknown command.
Unknown command.
Unknown command.
You barely miss the orc warrior.
The orc warrior is heavily wounded.
The orc hits you with a +0 hand axe.
* * * LOW HITPOINT WARNING * * *
The orc warrior hits you with a +0 dire flail.
You feel threatened and lose the ability to read scrolls!
* * * LOW HITPOINT WARNING * * *
Unknown command.
Unknown command.
It was a potion of cancellation.
Your magical effects are unravelling.
You feel magically purged.
You feel less wooden.
Your +0 scale mail unmelds from your body.
The orc hits you but does no damage.
The orc warrior hits you with a +0 dire flail!
You die...

#..#..........#
#.....#..#..........#
#.....#..##'##......#
#.....#......#......#
#.....+......#......#
#.....#......#...o..'.
#))...#.)....#......#.
#.....#o.....#......#
#.....@oo##..#....o.##+
#.....#..#####.$..oo<..
#.....#####..#.........
#.....#..+(..#.........
#.....'..#...#######...
#.....#..##....... #...
#..(..#..##..... #...
........#...#..# #...
........#...'..# #...


You could see an orc warrior (corroded) and 2 orcs.

Vanquished Creatures
  A water moccasin (D:5)
  An ogre (D:5)
  2 orc priests
  2 iguanas
  3 adders
  2 adder skeletons (D:3)
  3 worms
  2 dart slugs
  6 orcs
  5 endoplasms
  3 giant cockroaches
  8 goblins
  8 hobgoblins
  3 jackals (D:2)
  6 kobolds
  3 quokkas
  10 ball pythons
  5 bats
  A frilled lizard (D:2)
  3 rats (D:2)
77 creatures vanquished.

Notes
Turn   | Place    | Note
-------+----------+-------------------------------------------
     0 | D:1      | MisterFreud the Naga Fighter began the quest for the Orb.
     0 | D:1      | Reached XP level 1. HP: 21/21 MP: 1/1
   387 | D:1      | Reached XP level 2. HP: 27/28 MP: 2/2
   734 | D:1      | Reached skill level 3 in Polearms
   953 | D:2      | Reached XP level 3. HP: 28/34 MP: 3/3
  1601 | D:2      | Reached skill level 4 in Polearms
  1988 | D:3      | Reached XP level 4. HP: 22/42 MP: 4/4
  2727 | D:4      | Reached skill level 5 in Polearms
  2727 | D:4      | Reached XP level 5. HP: 9/49 MP: 5/5
  3123 | D:4      | Found Dayroshri's Distillery.
  3381 | D:4      | Bought a potion of heal wounds for 60 gold pieces
  3495 | D:4      | Found an opulent altar of Gozag.
  3840 | D:5      | Entered Level 5 of the Dungeon
  3845 | D:5      | Noticed an ogre
  3849 | D:5      | Killed an ogre
  3850 | D:5      | Reached skill level 6 in Polearms
  3850 | D:5      | Reached XP level 6. HP: 23/56 MP: 6/6
  4032 | D:5      | Noticed an orc warrior
  4048 | D:5      | Noticed an orc warrior
  4048 | D:5      | Noticed a water moccasin
  4146 | D:5      | Noticed a water moccasin
  4164 | D:5      | Killed a water moccasin
  4165 | D:5      | Reached skill level 7 in Polearms
  4530 | D:5      | Gained mutation: You sometimes lose the ability to read
                  | scrolls when taking damage. [potion of mutation]
  4533 | D:5      | HP: 2/84 [orc warrior/+0 dire flail (6)]
  4534 | D:5      | Mangled by an orc warrior

Illustrated notes

Levels and vault maps discovered:
D:1:      doesnt_arrival_eight_statues, layout_rooms, nrook_loot_triangle,
          minmay_cut_off
D:2:      layout_rooms, patterned_corridor
D:3:      layout_basic
D:4:      layout_gridville, grunt_gozag_breadcrumbs, serial_shops,
          nicolae_shop_waterfront
D:5:      layout_gridville, mainiacjoe_overflow_concentric_impassable

Skill      XL: |  1  2  3  4  5  6 |
---------------+-------------------+-----
Polearms       | 3 4 5 6 7 |  7.2
Fighting       | |  3.0
Armour         | |  2.4
Shields        | |  2.4

Action                   |  1- 3 |  4- 6 || total
-------------------------+-------+-------++-------
Melee: Trident           |   138 |   149 ||   287
 Abil: Spit Poison       |     4 |    19 ||    23
Evoke: Wand              |       |     2 ||     2
  Use: Potion            |       |     5 ||     5
Armor: Scale mail        |    42 |    37 ||    79
       Skin              |       |     2 ||     2
Dodge: Dodged            |    45 |    31 ||    76
Block: Buckler           |    19 |    14 ||    33
